| TOP OF THE 1ST |
|
Kelowna Heat batting - Pitching for Americus Braves : LHP Jose Geraldo
|
|
Pitching: LHP Jose Geraldo
|
|
|
Batting: RHB Armando Ramirez
|
0-0: Ball 1-0: Ground out 5-3 (Groundball, 56, EV 96.2 MPH)
|
|
Batting: RHB Tony Harper
|
0-0: Ball 1-0: Ball 2-0: Ball 3-0: Swinging Strike 3-1: Foul Ball, location: 2F 3-2: Strikes out swinging
|
|
Batting: RHB Coen Dirks
|
0-0: Ball 1-0: Swinging Strike 1-1: Swinging Strike 1-2: Strikes out swinging
|
| Top of the 1st over - 0 runs, 0 hits, 0 errors, 0 left on base; Kelowna 0 - Americus 0 |
| BOTTOM OF THE 1ST |
|
Americus Braves batting - Pitching for Kelowna Heat : RHP François Leclerc
|
|
Pitching: RHP François Leclerc
|
|
|
Batting: RHB Carlos Livas
|
0-0: Fly out, F7 (Line Drive, 7, EV 93.1 MPH)
|
|
Batting: LHB Mitsujiro Tanaka
|
0-0: Ball 1-0: Ball 2-0: Swinging Strike 2-1: Called Strike 2-2: Ball 3-2: Base on Balls
|
|
Batting: RHB Manny Hensley
|
0-0: Ground out 5-3 (Groundball, 5S, EV 62.5 MPH) Mitsujiro Tanaka to second
|
|
Batting: RHB Jeremy Harden
|
0-0: Foul Ball, location: 2F 0-1: Called Strike 0-2: Foul Ball, location: 2F 0-2: Foul Ball, location: 2F 0-2: Strikes out swinging
|
| Bottom of the 1st over - 0 runs, 0 hits, 0 errors, 1 left on base; Kelowna 0 - Americus 0 |
| TOP OF THE 2ND |
|
Kelowna Heat batting - Pitching for Americus Braves : LHP Jose Geraldo
|
|
Batting: RHB Billy Pranger
|
0-0: Swinging Strike 0-1: Ball 1-1: Foul Ball, location: 2F 1-2: Ball 2-2: Ball 3-2: Strikes out swinging
|
|
Batting: RHB Zach Maguire
|
0-0: Called Strike 0-1: Foul Ball, location: 2F 0-2: Strikes out swinging
|
|
Batting: LHB Mike Roberts
|
0-0: Swinging Strike 0-1: Ground out 4-3 (Groundball, 4, EV 81.9 MPH)
|
| Top of the 2nd over - 0 runs, 0 hits, 0 errors, 0 left on base; Kelowna 0 - Americus 0 |
| BOTTOM OF THE 2ND |
|
Americus Braves batting - Pitching for Kelowna Heat : RHP François Leclerc
|
|
Batting: SHB Karl Starnes
|
0-0: Foul Ball, location: 2F 0-1: SINGLE (Groundball, 56D, EV 96.9 MPH)
|
|
Batting: RHB Costantino Dolfini
|
0-0: Called Strike 0-1: Ball 1-1: Ball 2-1: Called Strike 2-2: Foul Ball, location: 2F 2-2: Ball 3-2: Fly out, F8 (Line Drive, 8LM, EV 102.5 MPH)
|
|
Batting: LHB Diego Garcia
|
0-0: Grounds into double play, 4-6-3 (Groundball, 34D, EV 98.1 MPH)
|
| Bottom of the 2nd over - 0 runs, 1 hit, 0 errors, 0 left on base; Kelowna 0 - Americus 0 |
| TOP OF THE 3RD |
|
Kelowna Heat batting - Pitching for Americus Braves : LHP Jose Geraldo
|
|
Batting: RHB Josh Truell
|
0-0: Ball 1-0: Ball 2-0: Ball 3-0: Called Strike 3-1: Called Strike 3-2: Foul Ball, location: 2F 3-2: Strikes out swinging
|
|
Batting: RHB Vinny Torres
|
0-0: Called Strike 0-1: Ball 1-1: Fly out, F9 (Line Drive, 9D, EV 101.9 MPH)
|
|
Batting: RHB Tsugio Yamaguchi
|
0-0: Called Strike 0-1: Swinging Strike 0-2: SINGLE (Groundball, 25, EV 67.5 MPH) (infield hit)
|
|
Batting: RHB Armando Ramirez
|
0-0: Called Strike 0-1: Foul Ball, location: 2F 0-2: SINGLE (Groundball, 6D, EV 95.6 MPH) Tsugio Yamaguchi to second Runner from 2nd tries for 3rd, SAFE, no throw by CF
|
|
Batting: RHB Tony Harper
|
0-0: Ball 1-0: Ball 2-0: Fly out, F4 (Popup, 34, EV 59.4 MPH)
|
| Top of the 3rd over - 0 runs, 2 hits, 0 errors, 2 left on base; Kelowna 0 - Americus 0 |
| BOTTOM OF THE 3RD |
|
Americus Braves batting - Pitching for Kelowna Heat : RHP François Leclerc
|
|
Batting: RHB Yutaka Yamane
|
0-0: Ball 1-0: Ball 2-0: Foul Ball, location: 2F 2-1: Ball 3-1: Base on Balls
|
|
Batting: RHB Bart Stevensdick
|
0-0: Fly out, F8 (Flyball, 8LXD, EV 81.2 MPH)
|
|
Batting: RHB Carlos Livas
|
0-0: Ball 1-0: Called Strike 1-1: Foul Ball, location: 2F 1-2: Ball 2-2: Ground out 4-3 (Groundball, 34S, EV 81.2 MPH) Yutaka Yamane to second
|
|
Batting: LHB Mitsujiro Tanaka
|
0-0: Ball 1-0: Called Strike 1-1: Ball 2-1: Ball 3-1: Called Strike 3-2: 2-RUN HOME RUN (Flyball, 89XD, EV 105.0 MPH), Distance : 429 ft
|
|
Batting: RHB Manny Hensley
|
0-0: Ball 1-0: Ground out 6-3 (Groundball, 6, EV 88.1 MPH)
|
| Bottom of the 3rd over - 2 runs, 1 hit, 0 errors, 0 left on base; Kelowna 0 - Americus 2 |
| TOP OF THE 4TH |
|
Kelowna Heat batting - Pitching for Americus Braves : LHP Jose Geraldo
|
|
Batting: RHB Coen Dirks
|
0-0: Ball 1-0: Ball 2-0: Ground out 6-3 (Groundball, 6, EV 91.9 MPH)
|
|
Batting: RHB Billy Pranger
|
0-0: Ball 1-0: Ball 2-0: Ball 3-0: Base on Balls
|
|
Batting: RHB Zach Maguire
|
0-0: Fly out, F8 (Flyball, 8RS, EV 81.9 MPH)
|
|
Batting: LHB Mike Roberts
|
0-0: Ball 1-0: Foul Ball, location: 2F 1-1: Foul Ball, location: 2F 1-2: Ball 2-2: Foul Ball, location: 2F 2-2: Ball 3-2: Strikes out looking
|
| Top of the 4th over - 0 runs, 0 hits, 0 errors, 1 left on base; Kelowna 0 - Americus 2 |
| BOTTOM OF THE 4TH |
|
Americus Braves batting - Pitching for Kelowna Heat : RHP François Leclerc
|
|
Batting: RHB Jeremy Harden
|
0-0: Ball 1-0: Foul Ball, location: 2F 1-1: SINGLE (Groundball, 56D, EV 100.0 MPH)
|
|
Batting: SHB Karl Starnes
|
0-0: Ball Wild Pitch! Jeremy Harden to second 1-0: Foul Ball, location: 2F 1-1: Called Strike 1-2: SINGLE (Groundball, 34D, EV 103.1 MPH) Jeremy Harden to third
|
|
Batting: RHB Costantino Dolfini
|
0-0: Swinging Strike 0-1: Ball 1-1: Ball 2-1: Ball 3-1: Swinging Strike 3-2: Strikes out swinging
|
|
Batting: LHB Diego Garcia
|
0-0: Ball 1-0: Ball 2-0: Called Strike 2-1: Ball 3-1: Called Strike 3-2: Base on Balls Karl Starnes to second
|
|
Batting: RHB Yutaka Yamane
|
0-0: Ball 1-0: Called Strike 1-1: Swinging Strike 1-2: Fielders Choice at 2nd, 4-6 (Groundball, 4, EV 80.6 MPH) Jeremy Harden scores Karl Starnes to third
|
|
Batting: RHB Bart Stevensdick
|
0-0: Foul Ball, location: 2F 0-1: Foul Ball, location: 2F 0-2: Ball 1-2: Foul Ball, location: 2F 1-2: Foul Ball, location: 2F 1-2: Foul Ball, location: 2F 1-2: Ball Passed Ball! Karl Starnes scores Yutaka Yamane to second 2-2: Strikes out swinging
|
| Bottom of the 4th over - 2 runs, 2 hits, 0 errors, 1 left on base; Kelowna 0 - Americus 4 |
| TOP OF THE 5TH |
|
Kelowna Heat batting - Pitching for Americus Braves : LHP Jose Geraldo
|
|
Batting: RHB Josh Truell
|
0-0: Ball 1-0: Swinging Strike 1-1: Fly out, F8 (Flyball, 8LM, EV 84.4 MPH)
|
|
Batting: RHB Vinny Torres
|
0-0: Ball 1-0: Foul Ball, location: 2F 1-1: Ball 2-1: Called Strike 2-2: Foul Ball, location: 2F 2-2: Foul Ball, location: 2F 2-2: Strikes out swinging
|
|
Batting: RHB Tsugio Yamaguchi
|
0-0: Swinging Strike 0-1: Foul Ball, location: 2F 0-2: Ground out 5-3 (Groundball, 5, EV 80.6 MPH)
|
| Top of the 5th over - 0 runs, 0 hits, 0 errors, 0 left on base; Kelowna 0 - Americus 4 |
| BOTTOM OF THE 5TH |
|
Americus Braves batting - Pitching for Kelowna Heat : RHP François Leclerc
|
|
Batting: RHB Carlos Livas
|
0-0: Ball 1-0: Ball 2-0: Ball 3-0: Base on Balls
|
|
Batting: LHB Mitsujiro Tanaka
|
0-0: Ball 1-0: Ball Passed Ball! Carlos Livas to second 2-0: Ground out 6-3 (Groundball, 6M, EV 88.8 MPH) Carlos Livas to third
|
|
Batting: RHB Manny Hensley
|
0-0: Ball 1-0: Foul Ball, location: 2F 1-1: Ground out 5-3 (Groundball, 56, EV 79.4 MPH) Carlos Livas scores
|
|
Batting: RHB Jeremy Harden
|
0-0: Foul Ball, location: 2F 0-1: Ball 1-1: Foul Ball, location: 2F 1-2: Ball 2-2: Ball 3-2: Ground out 6-3 (Groundball, 6, EV 91.9 MPH)
|
| Bottom of the 5th over - 1 run, 0 hits, 0 errors, 0 left on base; Kelowna 0 - Americus 5 |
| TOP OF THE 6TH |
|
Kelowna Heat batting - Pitching for Americus Braves : LHP Jose Geraldo
|
|
Batting: RHB Armando Ramirez
|
0-0: Foul Ball, location: 2F 0-1: SINGLE (Line Drive, 89S, EV 102.5 MPH)
|
|
Batting: RHB Tony Harper
|
0-0: Ball Armando Ramirez is caught stealing 2nd base 2-4 1-0: Foul Ball, location: 2F 1-1: Ball 2-1: DOUBLE (Line Drive, 8RXD, EV 111.2 MPH)
|
|
Batting: RHB Coen Dirks
|
0-0: Ball 1-0: Ball 2-0: Swinging Strike 2-1: Ground out U3 (Groundball, 34S, EV 86.2 MPH) Tony Harper to third
|
|
Batting: RHB Billy Pranger
|
0-0: Ground out 6-3 (Groundball, 56, EV 107.5 MPH)
|
| Top of the 6th over - 0 runs, 2 hits, 0 errors, 1 left on base; Kelowna 0 - Americus 5 |
| BOTTOM OF THE 6TH |
|
Americus Braves batting - Pitching for Kelowna Heat : RHP François Leclerc
|
|
Batting: SHB Karl Starnes
|
0-0: Foul Ball, location: 2F 0-1: Hit by Pitch
|
|
Batting: RHB Costantino Dolfini
|
0-0: Called Strike 0-1: Swinging Strike 0-2: Strikes out swinging
|
|
Batting: LHB Diego Garcia
|
0-0: Ball 1-0: Called Strike 1-1: Foul Ball, location: 2F 1-2: Ball 2-2: Ball 3-2: Ground out 5-3 (Groundball, 5, EV 106.2 MPH) Karl Starnes to second
|
|
Batting: RHB Yutaka Yamane
|
0-0: SINGLE (Line Drive, 89M, EV 101.9 MPH) Karl Starnes to third
|
|
Pitching: LHP Jason Haas
|
|
|
Batting: RHB Bart Stevensdick
|
0-0: Called Strike 0-1: Fielders Choice at 2nd, 6-4 (Groundball, 6, EV 106.9 MPH)
|
| Bottom of the 6th over - 0 runs, 1 hit, 0 errors, 2 left on base; Kelowna 0 - Americus 5 |
| TOP OF THE 7TH |
|
Kelowna Heat batting - Pitching for Americus Braves : LHP Jose Geraldo
|
|
Batting: RHB Zach Maguire
|
0-0: Ball 1-0: Ball 2-0: Called Strike 2-1: Foul Ball, location: 2F 2-2: Strikes out looking
|
|
Batting: LHB Mike Roberts
|
0-0: Ball 1-0: Ball 2-0: Ball 3-0: Called Strike 3-1: SINGLE (Groundball, 4MD, EV 108.8 MPH)
|
|
Batting: RHB Josh Truell
|
0-0: Ball 1-0: Ball 2-0: 2-RUN HOME RUN (Flyball, 9D, EV 97.5 MPH), Distance : 378 ft
|
|
Batting: RHB Vinny Torres
|
0-0: Ball 1-0: Called Strike 1-1: Called Strike 1-2: Foul Ball, location: 2F 1-2: Foul Ball, location: 2F 1-2: Strikes out swinging
|
|
Batting: RHB Tsugio Yamaguchi
|
0-0: SINGLE (Line Drive, 6M, EV 110.6 MPH)
|
|
Batting: RHB Armando Ramirez
|
0-0: Called Strike 0-1: Ball 1-1: Ball 2-1: Foul Ball, location: 2F 2-2: SINGLE (Flyball, 7LS, EV 96.2 MPH) Tsugio Yamaguchi to second Runner from 2nd tries for 3rd, SAFE, throw by LF made to third
|
|
Pitching: RHP Walt Bunney
|
|
|
Batting: RHB Tony Harper
|
0-0: Hit by Pitch Armando Ramirez to second
|
|
Batting: RHB Coen Dirks
|
0-0: Foul Ball, location: 2F 0-1: Swinging Strike 0-2: SINGLE (Groundball, 56D, EV 96.2 MPH) Tsugio Yamaguchi scores Armando Ramirez to third Tony Harper to second Runner from 3rd tries for Home, SAFE, throw by LF to home
|
|
Batting: RHB Billy Pranger
|
0-0: Ball 1-0: Ball 2-0: Ball Passed Ball! Tony Harper to third Coen Dirks to second 3-0: Base on Balls
|
|
Batting: RHB Zach Maguire
|
0-0: Ball 1-0: Ball 2-0: Ball 3-0: Base on Balls Tony Harper scores Coen Dirks to third Billy Pranger to second
|
|
Pitching: LHP Mohala Kileona
|
|
|
Pinch Hitting: RHB Malik Sharpless
|
0-0: Called Strike 0-1: Ball 1-1: Ball 2-1: Fly out, F3 (Popup, 3SF, EV 75.6 MPH)
|
| Top of the 7th over - 5 runs, 5 hits, 0 errors, 3 left on base; Kelowna 5 - Americus 5 |
| BOTTOM OF THE 7TH |
|
Americus Braves batting - Pitching for Kelowna Heat : LHP Jason Haas
|
|
Now in LF: Ricky Aguilar
|
|
|
Batting: RHB Carlos Livas
|
0-0: Ground out U3 (Groundball, 34S, EV 80.0 MPH)
|
|
Batting: LHB Mitsujiro Tanaka
|
0-0: Swinging Strike 0-1: Foul Ball, location: 2F 0-2: Ball 1-2: SINGLE (Line Drive, 8LS, EV 97.5 MPH)
|
|
Batting: RHB Manny Hensley
|
0-0: Ball 1-0: Ball 2-0: Called Strike 2-1: Swinging Strike 2-2: Foul Ball, location: 2F 2-2: Foul Ball, location: 2F 2-2: Foul Ball, location: 2F 2-2: SINGLE (Groundball, 6M, EV 98.1 MPH) Mitsujiro Tanaka to second
|
|
Batting: RHB Jeremy Harden
|
0-0: Foul Ball, location: 2F 0-1: Grounds into double play, 5-4-3 (Groundball, 5, EV 85.0 MPH)
|
| Bottom of the 7th over - 0 runs, 2 hits, 0 errors, 1 left on base; Kelowna 5 - Americus 5 |
| TOP OF THE 8TH |
|
Kelowna Heat batting - Pitching for Americus Braves : LHP Mohala Kileona
|
|
Pitching: RHP Outa Tamura
|
|
|
Batting: RHB Josh Truell
|
0-0: Ball 1-0: Called Strike 1-1: Called Strike 1-2: Strikes out looking
|
|
Pinch Hitting: LHB Chris West
|
0-0: Foul Ball, location: 2F 0-1: Foul Ball, location: 2F 0-2: Ball 1-2: Foul Ball, location: 2F 1-2: Ball 2-2: DOUBLE (Line Drive, 7LM, EV 108.8 MPH)
|
|
Batting: LHB Alex Larangho
|
0-0: Intentional Walk
|
|
Batting: RHB Armando Ramirez
|
0-0: Swinging Strike 0-1: Foul Ball, location: 2F 0-2: Ball 1-2: Fielders Choice at 2nd, 1-6 (Groundball, 13S, EV 71.2 MPH) Chris West to third
|
|
Batting: RHB Tony Harper
|
0-0: Ball 1-0: Called Strike 1-1: Called Strike 1-2: Ball 2-2: Fly out, F9 (Flyball, 9D, EV 92.5 MPH)
|
| Top of the 8th over - 0 runs, 1 hit, 0 errors, 2 left on base; Kelowna 5 - Americus 5 |
| BOTTOM OF THE 8TH |
|
Americus Braves batting - Pitching for Kelowna Heat : LHP Jason Haas
|
|
Now in CF: Kuan Hsia
|
|
|
Batting: SHB Karl Starnes
|
0-0: Called Strike 0-1: Foul Ball, location: 2F 0-2: Foul Ball, location: 2F 0-2: Reached on error, E3 (Groundball, 34S, EV 85.6 MPH)
|
|
Batting: RHB Costantino Dolfini
|
0-0: Called Strike 0-1: Ball 1-1: Foul Ball, location: 2F 1-2: Ball 2-2: Fly out, F2 (Popup, 5SF, EV 82.5 MPH)
|
|
Batting: LHB Diego Garcia
|
0-0: Ball 1-0: Grounds into double play, 6-4-3 (Groundball, 6, EV 80.0 MPH)
|
| Bottom of the 8th over - 0 runs, 0 hits, 1 error, 0 left on base; Kelowna 5 - Americus 5 |
| TOP OF THE 9TH |
|
Kelowna Heat batting - Pitching for Americus Braves : RHP Outa Tamura
|
|
Batting: RHB Coen Dirks
|
0-0: Ball 1-0: Called Strike 1-1: Called Strike 1-2: Ball 2-2: Ball 3-2: Strikes out looking
|
|
Batting: RHB Billy Pranger
|
0-0: Ball 1-0: Foul Ball, location: 2F 1-1: Called Strike 1-2: Strikes out swinging
|
|
Batting: RHB Zach Maguire
|
0-0: Ball 1-0: Ball 2-0: Ball 3-0: Base on Balls
|
|
Batting: RHB Ricky Aguilar
|
0-0: Ball 1-0: Called Strike 1-1: Called Strike 1-2: Ball 2-2: 2-RUN HOME RUN (Flyball, 8LXD, EV 95.0 MPH) (Inside the Park)
|
|
Batting: RHB Josh Truell
|
0-0: Ball 1-0: Called Strike 1-1: Ball 2-1: Foul Ball, location: 2F 2-2: Ball 3-2: Ground out 5-3 (Groundball, 5S, EV 88.1 MPH)
|
| Top of the 9th over - 2 runs, 1 hit, 0 errors, 0 left on base; Kelowna 7 - Americus 5 |
| BOTTOM OF THE 9TH |
|
Americus Braves batting - Pitching for Kelowna Heat : LHP Jason Haas
|
|
Batting: RHB Yutaka Yamane
|
0-0: Ball 1-0: Called Strike 1-1: Ball 2-1: SINGLE (Groundball, 5S, EV 63.8 MPH) (infield hit)
|
|
Pinch Hitting: LHB Jason Herr
|
0-0: Ball 1-0: Foul Ball, location: 2F 1-1: Ball 2-1: Ball 3-1: Base on Balls Yutaka Yamane to second
|
|
Batting: RHB Carlos Livas
|
0-0: Sac Bunt to 15 - play at first, batter OUT! 1-3 Yutaka Yamane to third Jason Herr to second
|
|
Batting: LHB Mitsujiro Tanaka
|
0-0: Called Strike 0-1: Called Strike 0-2: Strikes out swinging
|
|
Batting: RHB Manny Hensley
|
0-0: Ball 1-0: Ball 2-0: Foul Ball, location: 2F 2-1: Called Strike 2-2: Ball 3-2: SINGLE (Line Drive, 9S, EV 88.8 MPH) Yutaka Yamane scores Jason Herr to third Runner from 3rd tries for Home, SAFE, throw by RF to home
|
|
Batting: RHB Jeremy Harden
|
0-0: Called Strike 0-1: Foul Ball, location: 2F 0-2: Strikes out swinging
|
| Bottom of the 9th over - 2 runs, 2 hits, 0 errors, 1 left on base; Kelowna 7 - Americus 7 |
| TOP OF THE 10TH |
|
Kelowna Heat batting - Pitching for Americus Braves : RHP Outa Tamura
|
|
Pitching: RHP Orlando Mosqueda
|
|
|
Now at SS: Paul Holland
|
|
|
Batting: LHB Kuan Hsia
|
0-0: Foul Ball, location: 2F 0-1: Ground out 4-3 (Groundball, 4, EV 86.9 MPH)
|
|
Batting: LHB Alex Larangho
|
0-0: Ball 1-0: Fly out, F8 (Line Drive, 8RM, EV 98.1 MPH)
|
|
Batting: RHB Armando Ramirez
|
0-0: Ball 1-0: Ball 2-0: Called Strike 2-1: Ground out 4-3 (Groundball, 4, EV 88.8 MPH)
|
| Top of the 10th over - 0 runs, 0 hits, 0 errors, 0 left on base; Kelowna 7 - Americus 7 |
| BOTTOM OF THE 10TH |
|
Americus Braves batting - Pitching for Kelowna Heat : LHP Jason Haas
|
|
Batting: SHB Karl Starnes
|
0-0: Foul Ball, location: 2F 0-1: Ball 1-1: Ball 2-1: Ground out 6-3 (Groundball, 6, EV 93.1 MPH)
|
|
Pitching: LHP Ricky Coats
|
|
|
Batting: RHB Costantino Dolfini
|
0-0: Called Strike 0-1: Ball 1-1: Called Strike 1-2: Ball 2-2: SINGLE (Line Drive, 34, EV 100.6 MPH)
|
|
Batting: LHB Diego Garcia
|
0-0: Ball 1-0: Fly out, F8 (Flyball, 78M, EV 95.6 MPH)
|
|
Batting: RHB Yutaka Yamane
|
0-0: Ball 1-0: Ball Costantino Dolfini steals 2nd base (no throw) 2-0: Intentional Walk
|
|
Pinch Hitting: RHB Alex Campos
|
0-0: Called Strike 0-1: Ball 1-1: SINGLE (Groundball, 34D, EV 95.0 MPH) Costantino Dolfini to third Yutaka Yamane to second Runner from 3rd tries for Home, SAFE, throw by RF to home
|
| Bottom of the 10th over - 1 run, 2 hits, 0 errors, 2 left on base; Kelowna 7 - Americus 8 |
|